 Dungeon Crawl Stone Soup version 0.28-a0-537-g3bccd9ccbf (webtiles) character file.

Game seed: 7165133135371664109

101 Tocho the Poker (level 4, -3/39 HPs)
             Began as a Naga Gladiator on Sept 27, 2021.
             Slain by a water moccasin (7 damage)
             ... on level 3 of the Dungeon.
             The game lasted 00:03:59 (2921 turns).

Tocho the Poker (Naga Gladiator)                    Turns: 2921, Time: 00:03:59

Health: -3/39      AC:  3    Str: 17    XL:     4   Next: 75%
Magic:  4/4        EV: 10    Int:  9    God:
Gold:   64         SH:  0    Dex: 12    Spells: 3/3 levels left

rFire   . . .      SeeInvis +   a - +0 trident
rCold   . . .      Faith    .   (no shield)
rNeg    . . .      Spirit   .   b - +0 leather armour
rPois   +          Reflect  .   c - +0 helmet
rElec   .          Harm     .   (no cloak)
rCorr   .          Rampage  .   (no gloves)
Will    .....                   (no barding)
Stlth   +.........              (no amulet)
HPRegen 0.13/turn               (no ring)
MPRegen 0.09/turn               (no ring)

@: mighty, short of breath, hasted, quick
A: AC +1, large, see invisible, deformed body, poison resistance, slowness 2,
spit poison 1, naga tail 1
a: Spit Poison


You were on level 3 of the Dungeon.
You visited 1 branch of the dungeon, and saw 3 of its levels.

You collected 64 gold pieces.

Inventory:

Hand Weapons
 a - a +0 trident (weapon)
Missiles
 d - 3 throwing nets (quivered)
Armour
 b - a +0 leather armour (worn)
 c - a +0 helmet (worn)
Scrolls
 e - a scroll of enchant armour {unknown}
 i - a scroll of brand weapon {unknown}
 m - 2 scrolls of torment {unknown}
Potions
 f - a potion of haste
 g - a potion of might
 h - a potion of ambrosia
 k - a potion of lignification {unknown}
 l - a potion of heal wounds {unknown}


   Skills:
 - Level 2.0 Fighting
 + Level 5.2 Polearms
 - Level 1.7 Throwing
 - Level 2.5 Dodging


You had 3 spell levels left.
You didn't know any spells.
Your spell library was empty.

Dungeon Overview and Level Annotations

Branches:
Dungeon (3/15)

Altars:


Innate Abilities, Weirdness & Mutations

Your serpentine skin is tough. (AC +1)
You have supernaturally acute eyesight. (SInv)
Armour fits poorly on your strangely shaped body.
Your system is resistant to poisons. (rPois)
You cover ground very slowly.
You can spit poison.
You have a snake-like lower body.


Message History

You are poisoned.
The water moccasin poisons you! The water moccasin bites you.
* * * LOW HITPOINT WARNING * * *
You are too injured to fight recklessly!
You are too injured to fight recklessly!
You hit the water moccasin.
The water moccasin is moderately wounded.
* * * LOW HITPOINT WARNING * * *
You feel very sick. The water moccasin barely misses you.
It was a potion of haste.
You feel yourself speed up.
You have got your breath back.
* * * LOW HITPOINT WARNING * * *
You feel sick. The water moccasin barely misses you.
The water moccasin closely misses you.
It was a potion of might.
You feel very mighty all of a sudden.
* * * LOW HITPOINT WARNING * * *
You feel sick.
It was a potion of ambrosia.
You are confused.
You feel invigorated.
You feel sick. The water moccasin closely misses you.
It was a potion of curing.
You feel better.
You feel less invigorated. The water moccasin closely misses you.
Press: ? - help, Shift-Dir - straight line, f/p - water moccasin
Aim: a water moccasin (moderately wounded)
The splash of poison misses the water moccasin.
The water moccasin barely misses you. The kobold hits you with a +0 club.
You barely miss the water moccasin.
The water moccasin is moderately wounded.
The water moccasin bites you but does no damage.
The kobold hits you with a +0 club.
You closely miss the water moccasin.
The water moccasin is moderately wounded.
The water moccasin bites you!
* * * LOW HITPOINT WARNING * * *
The kobold hits you with a +0 club.
* * * LOW HITPOINT WARNING * * *
The water moccasin bites you!
You die...

#. #.....# ## #.....# #
#.....# # #.....# #.....#
#.....#
..♣###.....##############
♣......@................
#.....S##..............#
#....K.##.############..
#......##.# #..
.'......'..# #..
##......#### ###..
#....... #.... #.......
#.... #....... #....


You could see a water moccasin and a kobold.

Vanquished Creatures
  Terence (D:3)
  3 adders (D:2)
  A dart slug (D:2)
  5 endoplasms
  2 giant cockroaches (D:1)
  2 goblins (D:1)
  4 hobgoblins
  4 kobolds
  5 quokkas
  7 ball pythons
  3 bats
  2 frilled lizards
  5 rats
44 creatures vanquished.

Vanquished Creatures (others)
  3 withered plants (D:2)
3 creatures vanquished.

Grand Total: 47 creatures vanquished

Notes
Turn   | Place    | Note
-------+----------+-------------------------------------------
     0 | D:1      | Tocho the Naga Gladiator began the quest for the Orb.
     0 | D:1      | Reached XP level 1. HP: 19/19 MP: 1/1
   437 | D:1      | Reached XP level 2. HP: 25/26 MP: 2/2
  1244 | D:2      | Reached XP level 3. HP: 24/32 MP: 3/3
  1252 | D:2      | Reached skill level 4 in Polearms
  1441 | D:2      | HP: 1/32 [hobgoblin (2)]
  2249 | D:2      | Found a faded altar of an unknown god.
  2326 | D:2      | Reached XP level 4. HP: 23/39 MP: 4/4
  2715 | D:3      | Noticed Terence
  2725 | D:3      | Killed Terence
  2726 | D:3      | Reached skill level 5 in Polearms
  2903 | D:3      | Noticed a water moccasin
  2921 | D:3      | Slain by a water moccasin

Illustrated notes

Levels and vault maps discovered:
D:1:      wander_arrival_chamber, layout_loops_corners, minivault_11
D:2:      layout_rooms, ebering_ecumenical_altar_petrified, minmay_tromino_mix6
D:3:      layout_basic, mainiacjoe_overflow_paths, uniq_terence, uniq_sigmund,
          uniq_natasha

Skill      XL: |  1  2  3  4 |
---------------+-------------+-----
Polearms       | 4 5 |  5.2
Fighting       | |  2.0
Throwing       | |  1.7
Dodging        | |  2.5

Action                   |  1- 3 |  4- 6 || total
-------------------------+-------+-------++-------
Melee: Trident           |   139 |    32 ||   171
 Abil: Spit Poison       |     6 |     5 ||    11
  Use: Potion            |       |     4 ||     4
 Stab: Sleeping          |     2 |       ||     2
Armor: Leather armour    |    32 |     7 ||    39
Dodge: Dodged            |    66 |    20 ||    86

Table legend: (Time is in decaauts)
 A = Elapsed time spent in this place.
 B = Non-inter-level travel time spent in this place.
 C = Inter-level travel time spent in this place.
 D = Time resting spent in this place.
 E = Time spent auto-exploring this place.
 F = Levels seen in this place.
 G = Mean time per level.
                   A        B        C        D        E       F      G
               +--------+--------+--------+--------+--------+-----+--------+
         Total |   3438 |   3339 |     99 |    380 |   2534 |   3 | 1146.0 |
       Dungeon |   3438 |   3339 |     99 |    380 |   2534 |   3 | 1146.0 |
               +--------+--------+--------+--------+--------+-----+--------+

Top non-repeatable levels by time:
     D:2: 1660 daAuts
     D:1: 1392 daAuts
     D:3: 385 daAuts
